 Dungeon Crawl Stone Soup version 0.19-a0-1320-g0178847 (webtiles) character file.

42 Amnesiac the Caller (level 3, -1/17 HPs)
             Began as a Tengu Summoner on Aug 31, 2016.
             Was an Initiate of Hepliaklqana.
             Hit by a goblin thrown by Robin (2 damage)
             ... on level 2 of the Dungeon.
             The game lasted 00:02:34 (1294 turns).

Amnesiac the Caller (Tengu Summoner)                Turns: 1294, Time: 00:02:35

Health: -1/17      AC:  2    Str:  8    XL:     3   Next: 54%
Magic:  5/7        EV: 13    Int: 15    God:    Hepliaklqana [......]
Gold:   58         SH:  0    Dex: 15    Spells: 2 memorised, 3 levels left

rFire  . . .     SeeInvis .     i - +1 dagger (freeze)
rCold  . . .     Gourm    .     a - +0 robe
rNeg   . . .     Faith    .     (no shield)
rPois  .         Spirit   .     (helmet restricted)
rElec  .         Dismiss  .     (no cloak)
rCorr  .         Reflect  .     (no gloves)
MR     .....     Harm     .     (boots unavailable)
Stlth  ++........               (no amulet)
                                (no ring)
                                (no ring)

@: no status effects
A: beak, talons 3
a: Recall Ancestor, Ancestor Identity, Renounce Religion


You were on level 2 of the Dungeon.
You worshipped Hepliaklqana.
Hepliaklqana was noncommittal.
You were not hungry.

You visited 1 branch of the dungeon, and saw 2 of its levels.

You collected 58 gold pieces.

Inventory:

Hand Weapons
 f - a +0 dagger of speed
 i - a +1 dagger of freezing (weapon)
Armour
 a - a +0 robe (worn)
Scrolls
 d - 2 scrolls of teleportation {unknown}
 h - 2 scrolls of recharging {unknown}
 j - a scroll of enchant armour {unknown}
 k - 4 scrolls of identify {unknown}
 l - 2 scrolls of fear {unknown}
Potions
 e - 2 potions of degeneration {unknown}
 g - a potion of lignification {unknown}
 m - a potion of ambrosia {unknown}
 p - a potion of curing {unknown}
 q - a potion of haste {unknown}
Books
 b - a book of Callings

   Spells                             Type                      Level
   a - Summon Small Mammal            Summoning                    1
   b - Call Imp                       Summoning                    2
   c - Call Canine Familiar           Summoning                    3
   d - Summon Guardian Golem          Hexes/Summoning              3
   e - Summon Lightning Spire         Summoning/Air                4
   f - Summon Ice Beast               Ice/Summoning                4
Comestibles
 c - 2 bread rations
 o - a meat ration


   Skills:
 - Level 2.1 Dodging
 - Level 2.0 Stealth
 + Level 2.3 Spellcasting
 * Level 5.9 Summonings


You had 3 spell levels left.
You knew the following spells:

 Your Spells              Type           Power        Failure   Level  Hunger
d - Call Imp              Summ           ###.....     2%          2    ###....
z - Summon Small Mammal   Summ           ###.         1%          1    #......


Dungeon Overview and Level Annotations

Branches:
Dungeon (2/15)

Altars:
Hepliaklqana
Nemelex Xobeh
Yredelemnul

Annotations:
D:2 Robin


Innate Abilities, Weirdness & Mutations

You have a beak for a mouth.
You have claws for feet.


Message History

Orders for allies: a - Attack new target. r - Retreat! s - Stop attacking. g - Guard the area. f - Follow me.
Anything else - Cancel.
Gang up on whom?
Press: ? - help, Dir - move target cursor, f - hobgoblin
Aim: a hobgoblin, wielding a club (unusually strong) Attack!
Robin barely misses your white imp.
The hobgoblin barely misses your white imp.
The goblin misses your white imp. The hobgoblin barely misses you.
Your white imp hits the hobgoblin but does no damage.
Unknown command.
You barely miss the hobgoblin. The goblin hits your white imp.
The hobgoblin hits your white imp with a club.
The hobgoblin hits you with a club.
* * * LOW HITPOINT WARNING * * *
Your white imp hits the hobgoblin.
Your white imp freezes the hobgoblin.
Unknown command.
You swap places.
Robin throws the goblin at you!
You die...

# . g#...
#.######5g....
#...g@Rgggg...
########wg....
.#... .. # .
#. #. #. ..
###. ##.#.


You could see the friendly Belshunu the ancestor, a worm, Robin, 3 hobgoblins, 3
goblins and a friendly white imp.

Vanquished Creatures
  An ooze (D:2)
  A giant gecko (D:2)
  A ball python (D:1)
  3 bats
  A giant cockroach (D:1)
  8 goblins
  2 hobgoblins
  2 jackals (D:1)
  2 giant newts (D:1)
  3 kobolds
  2 rats
26 creatures vanquished.

Vanquished Creatures (collateral kills)
  A giant gecko (D:1)
  3 goblins (D:2)
  4 jackals (D:2)
  A bat (D:1)
  A kobold (D:2)
10 creatures vanquished.

Grand Total: 36 creatures vanquished

Notes
Turn   | Place    | Note
-------+----------+-------------------------------------------
     0 | D:1      | Amnesiac the Tengu Summoner began the quest for the Orb.
     0 | D:1      | Reached XP level 1. HP: 10/10 MP: 4/4
     3 | D:1      | Noticed an electric eel
     3 | D:1      | Noticed an electric eel
   105 | D:2      | Reached skill level 5 in Summonings
   242 | D:2      | Reached XP level 2. HP: 15/15 MP: 0/6
   363 | D:2      | Found a basalt altar of Yredelemnul.
   364 | D:2      | Found a hazy altar of Hepliaklqana.
   365 | D:2      | Found a sparkling altar of Nemelex Xobeh.
   373 | D:2      | Became a worshipper of Hepliaklqana
   642 | D:1      | Reached XP level 3. HP: 9/17 MP: 7/7
  1269 | D:1      | Learned a level 2 spell: Call Imp
  1270 | D:2      | Noticed Robin
  1294 | D:2      | Hit by a goblin thrown by Robin

Vault maps used:
D:1:      arrival_aquarium_b, minivault_23
D:2:      minitemple, minmay_misc_feat_iff, minmay_statues_item,
          minmay_hedge_maze, trog_hazing_becter, uniq_robin

Skill      XL: |  1 |
---------------+----+-----
Summonings     | 5 |  5.9
Dodging        | |  2.1
Stealth        | |  2.0
Spellcasting   | |  2.3

Action                   || total
-------------------------++-------
Melee: Dagger            ||    73
       Kick              ||    14
       Peck              ||     8
 Cast: Summon Small Mamm ||    11
       Call Imp          ||     1
Invok: Ancestor Identity ||     1
 Stab: Sleeping          ||     7
  Eat: Chunk             ||     1
Armor: Robe              ||     8
Dodge: Dodged            ||    38
